 Dungeon Crawl Stone Soup version 0.23-a0-54-gae6112e (webtiles) character file.

67 topirishpotato the Covered (level 4, -1/35 HPs)
             Began as a Human Fighter on Aug 8, 2018.
             Slain by a kobold
             ... wielding a +0 short sword
              (4 damage)
             ... on level 3 of the Dungeon.
             The game lasted 00:06:11 (2153 turns).

topirishpotato the Covered (Human Fighter)          Turns: 2153, Time: 00:06:14

Health: -1/35      AC: 12    Str: 21    XL:     4   Next: 38%
Magic:  4/4        EV:  3    Int: 10    God:
Gold:   42         SH:  0    Dex: 12    Spells: 3/3 levels left

rFire    . . .     SeeInvis .   a - +0 long sword
rCold    . . .     Gourm    .   c - +0 shield
rNeg     . . .     Faith    .   l - +0 plate armour
rPois    .         Spirit   .   (no helmet)
rElec    .         Reflect  .   (no cloak)
rCorr    .         Harm     .   (no gloves)
MR       .....                  m - +0 pair of boots
Stlth    ..........             (no amulet)
HPRegen  0.11/turn              (no ring)
MPRegen  0.09/turn              (no ring)

@: confused, mighty
A: no striking features
a: no special abilities


You were on level 3 of the Dungeon.
You were not hungry.

You visited 1 branch of the dungeon, and saw 3 of its levels.

You collected 42 gold pieces.

Inventory:

Hand Weapons
 a - a +0 long sword (weapon)
 j - a +0 spear of flaming
Armour
 b - a +0 scale mail
 c - a +0 shield (worn)
 l - a +0 plate armour (worn)
 m - a +0 pair of boots (worn)
Scrolls
 g - a scroll of amnesia {unknown}
 h - 3 scrolls of remove curse {unknown}
 i - a scroll of identify {unknown}
 o - a scroll of teleportation {unknown}
 p - a scroll of noise {unknown}
Potions
 e - 3 potions of curing {unknown}
 k - a potion of magic {unknown}
 n - a potion of flight {unknown}
Comestibles
 f - 4 rations


   Skills:
 + Level 3.3 Fighting
 + Level 2.8 Long Blades
 + Level 3.6 Armour
 + Level 3.6 Shields


You had 3 spell levels left.
You didn't know any spells.
Your spell library was empty.

Dungeon Overview and Level Annotations

Branches:
Dungeon (3/15)

Altars:

Annotations:
D:3 Ijyb, Robin


Message History

The kobold hits you but does no damage. The orc hits you but does no damage.
Ijyb zaps a wand.
You resist with some effort.
You barely miss Ijyb.
Ijyb is lightly wounded.
The orc barely misses you. The kobold hits you but does no damage.
The orc hits you with a club.
* * * LOW HITPOINT WARNING * * *
Ijyb hits you.
* * * LOW HITPOINT WARNING * * *
The orc completely misses you. The kobold hits you with a short sword.
* * * LOW HITPOINT WARNING * * *
Your plate armour prevents you from hitting Ijyb.
Ijyb is lightly wounded.
The kobold hits you but does no damage.
Ijyb grins evilly.
Ijyb hits you but does no damage. The orc hits you with a club.
* * * LOW HITPOINT WARNING * * *
The kobold hits you with a short sword.
You die...

....#.≈♣ #....P≈♣♣
#....PP≈♣♣♣♣P ##
#....≈≈≈♣PP≈≈≈ ...
#......PP≈≈≈≈o
....##....".....P≈.
#......##....$.P.
#..@K##........
##.og.#........
#.o..).)......
##...[<.......
#............
#............
#.........###
#......)..#
#.........#


You could see Ijyb, 2 orcs and a kobold.

Vanquished Creatures
  An adder (D:3)
  An ooze (D:1)
  A worm (D:2)
  A dart slug (D:2)
  A leopard gecko (D:2)
  2 orcs (D:3)
  A ball python (D:1)
  6 bats
  3 giant cockroaches
  3 hobgoblins
  2 jackals (D:1)
  A quokka (D:3)
  3 frilled lizards (D:1)
  7 goblins
  6 kobolds
  7 rats
46 creatures vanquished.

Notes
Turn   | Place    | Note
-------+----------+-------------------------------------------
     0 | D:1      | topirishpotato the Human Fighter began the quest for the Orb.
     0 | D:1      | Reached XP level 1. HP: 18/18 MP: 1/1
   420 | D:1      | Reached XP level 2. HP: 24/24 MP: 2/2
   630 | D:1      | Reached XP level 3. HP: 29/29 MP: 3/3
  1562 | D:3      | Noticed Robin
  1562 | D:3      | Noticed Ijyb
  1624 | D:3      | Reached XP level 4. HP: 31/35 MP: 4/4
  2153 | D:3      | Slain by a kobold

Vault maps used:
D:1:      eino_arrival_druids_welcome
D:2:      first_ration, grunt_ministairs_15
D:3:      lemuel_doored_altar, serial_bayou_pond_c,
          minmay_randomly_rotated_circles, uniq_robin, uniq_ijyb,
          uniq_crazy_yiuf_cottage

Action                   |  1- 3 |  4- 6 || total
-------------------------+-------+-------++-------
Melee: Long sword        |   150 |    60 ||   210
  Use: Potion            |       |     1 ||     1
  Eat: Chunk             |     2 |       ||     2
       Ration            |       |     1 ||     1
Armor: Scale mail        |    47 |       ||    47
       Plate armour      |    99 |    88 ||   187
Dodge: Dodged            |    29 |    15 ||    44
Block: Shield            |    96 |    31 ||   127
       Rpst.: Long sword |    15 |     1 ||    16

Table legend:
 A = Spawn XP
 B = Non-spawn XP
 C = Spawn XP percentage of total XP
 D = Spawn monster count
 E = Non-spawn monster count
 F = Spawn count percentage of total count
 G = Total turns spent on level
                    A         B        C        D         E        F      G
               +---------+---------+-------+---------+---------+-------+---------
         Total |       0 |      96 |   0.0 |       0 |      46 |   0.0 |  2153
               +---------+---------+-------+---------+---------+-------+---------
           D:1 |       0 |      39 |   0.0 |       0 |      24 |   0.0 |   911
           D:2 |       0 |      31 |   0.0 |       0 |      15 |   0.0 |  1081
           D:3 |       0 |      26 |   0.0 |       0 |       7 |   0.0 |   161
               +---------+---------+-------+---------+---------+-------+---------
